Capitals vs Bruins

Created - December 13, 2018 at 19:01

Goals
1 2 3 OT1 T
Capitals 1 1 1 0 3
Bruins 0 1 2 1 4
Shots
1 2 3 OT1 T
Capitals 8 3 7 1 19
Bruins 11 11 16 1 39

1st period

1. Capitals , Joe Thornton 14 (Dan Girardi 1, Shayne Gostisbehere 3) at 18:29

Penalties :
Kevin Bieksa (Bos) for High sticking (Minor) at 4:35

2nd period

2. Bruins , Victor Oreskovich 9 (Matt Cooke 4) at 3:21
3. Capitals , T.J. Oshie 2 (Mikko Koivu 9) at 3:58

Penalties :
Matt Carle (Was) for Cross-checking (Minor) at 4:38, Viktor Stalberg (Bos) for Hooking (Minor) at 6:53, Blake Wheeler (Was) for Elbowing (Minor) at 11:32, Joe Thornton (Was) for Holding (Minor) at 17:42

3rd period

4. Bruins , Nathan Horton 14 (Wojtek Wolski 23, Henrik Sedin 23) at 14:50 (PP)
5. Capitals , Blake Wheeler 11 (Joe Thornton 22, Erik Karlsson 10) at 15:04
6. Bruins , Nathan Horton 15 (Wojtek Wolski 24, Jason Demers 11) at 19:30

Penalties :
Shane O'Brien (Bos) for Hooking (Minor) at 9:28, Scott Hartnell (Was) for Hooking (Minor) at 14:34, Shane O'Brien (Bos) for Kneeing (Minor) at 15:07, Ryan Getzlaf (Was) for Holding (Minor) at 16:10, David Krejci (Was) for Interference (Minor) at 19:50

Overtime #1

7. Bruins , Tim Connolly 7 (Nathan Horton 10, Wojtek Wolski 25) at 4:27

Penalties :
No Penalty

Goalie Stats

Tuukka Rask (Was), 35 saves from 39 shots - (0.897), OTL, 14-7-1, 64:27 minutes
Kevin Poulin (Bos), 16 saves from 19 shots - (0.842), W, 8-10-2, 64:05 minutes

Players Stats for Capitals

Player Name              G  A  P  +/- PIM S  H  SB GA TA FO     MP     PP MP  PK MP  
------------------------------------------------------------------------------------
Blake Wheeler            1  0  1   1  2   3  2  1  1  0  0/1    19:38   3:51   0:41 
Brent Burns              0  0  0   0  0   1  0  1  0  1  0/0    30:46   4:07   5:48 
Christian Ehrhoff        0  0  0  -1  0   0  3  1  0  2  0/0    21:42   2:53   3:27 
Dan Girardi              0  1  1   1  0   0  0  1  0  1  0/0    11:59   0:00   0:00 
David Krejci             0  0  0   0  2   2  0  1  0  0  1/2     7:25   0:00   1:14 
Eric Fehr                0  0  0   0  0   0  2  0  0  0  0/0     5:43   0:00   0:00 
Erik Karlsson            0  1  1   0  0   1  3  0  0  2  0/0    30:46   4:07   5:48 
Jamie Benn               0  0  0  -1  0   0  7  0  0  1  1/2    15:42   0:00   2:53 
Joe Thornton             1  1  2   1  2   4  1  0  1  0  17/42  27:19   3:48   4:35 
Mark Stone               0  0  0  -1  0   0  0  0  0  0  0/0     3:47   0:06   0:06 
Matt Carle               0  0  0  -1  2   0  2  1  0  1  0/0    20:59   2:53   2:43 
Mike Cammalleri          0  0  0   0  0   1  2  0  0  1  0/0    18:37   3:09   2:25 
Mikko Koivu              0  1  1   0  0   2  2  0  0  0  1/4    13:41   0:00   0:38 
Ryan Getzlaf             0  0  0   0  2   1  2  0  0  0  6/9    15:19   3:08   0:00 
Scott Hartnell           0  0  0   1  2   2  2  4  0  1  1/2    23:45   3:48   4:08 
Shayne Gostisbehere      0  1  1   1  0   0  1  0  0  0  0/0    12:43   0:00   0:44 
T.J. Oshie               1  0  1   0  0   2  0  1  1  1  0/0    12:26   0:00   0:00 
Wayne Simmonds           0  0  0   0  0   0  1  0  0  0  0/0    15:14   3:09   0:00 

Players Stats for Bruins

Player Name              G  A  P  +/- PIM S  H  SB GA TA FO     MP     PP MP  PK MP  
------------------------------------------------------------------------------------
Andrew Alberts           0  0  0   0  0   1  2  0  0  0  0/0    21:24   2:25   2:42 
Cam Fowler               0  0  0   0  0   0  0  0  2  1  0/0    21:24   2:25   2:42 
Casey Cizikas            0  0  0   0  0   3  1  0  0  0  0/1     7:21   0:00   0:00 
Dave Bolland             0  0  0   0  0   1  0  0  1  0  1/4    12:04   0:49   0:00 
Henrik Sedin             0  1  1  -2  0   5  3  0  0  1  25/36  25:13   3:38   3:54 
Jason Demers             0  1  1  -1  0   1  1  7  0  1  0/0    30:46   5:00   4:18 
Justin Faulk             0  0  0   1  0   0  0  1  0  0  0/0    14:09   0:00   2:05 
Kevin Bieksa             0  0  0   1  2   1  0  1  0  0  0/0    13:44   0:49   0:07 
Kris Chucko              0  0  0   0  0   2  0  0  0  0  0/0     8:30   0:00   1:08 
Matt Cooke               0  1  1   1  0   0  0  0  0  0  0/0    14:42   2:58   0:00 
Nathan Horton            2  1  3  -1  0   4  1  0  0  0  0/0    22:31   3:38   1:55 
Nikolai Zherdev          0  0  0   0  0   2  0  0  0  0  0/0     7:21   0:00   0:00 
Rene Bourque             0  0  0   0  0   2  1  0  0  0  0/0    11:44   0:00   1:14 
Shane O'Brien            0  0  0  -1  4   2  2  0  3  0  0/0    28:37   5:00   2:06 
Tim Connolly             1  0  1   2  0   3  0  0  0  0  4/10   18:32   2:58   1:55 
Victor Oreskovich        1  0  1   1  0   4  1  0  1  0  0/0    14:42   2:58   0:00 
Viktor Stalberg          0  0  0   0  2   2  1  0  1  0  1/1    11:52   0:49   0:00 
Wojtek Wolski            0  3  3  -2  0   6  1  1  3  0  4/10   25:12   3:38   3:54 

3 Stars

1 - Nathan Horton (Bos)
2 - Tim Connolly (Bos)
3 - Victor Oreskovich (Bos)

Power Play

Capitals - 0 on 4 Attempt(s) - 0.00%
Bruins - 1 on 6 Attempt(s) - 16.67%

Penalty Kill

Capitals - 5 on 6 Attempt(s) - 83.33% - Score 0 goal in Penalty Kill
Bruins - 4 on 4 Attempt(s) - 100.00% - Score 0 goal in Penalty Kill

Team Stat

Capitals - Hits : 30 - Faceoff Wins : 27 - Blocked Shots : 11 - Penalty Minutes : 12
Bruins - Hits : 14 - Faceoff Wins : 35 - Blocked Shots : 10 - Penalty Minutes : 8

Official

Referees : Unknown
Linesman : Unknown

Game Notes

No Game Note

Finance

Level 1 -- Attendance: 4005 (66.75%) -- Ticket Income $416,520
Level 2 -- Attendance: 3950 (79.00%) -- Ticket Income $252,800
Level 3 -- Attendance: 1783 (89.15%) -- Ticket Income $60,622
Level 4 -- Attendance: 4000 (100.00%) -- Ticket Income $96,000
Luxury Box -- Attendance: 730 (73.00%) -- Ticket Income $141,620
Game was played at the TD Banknorth Garden.
Total Attendance: 14468 (80.38%)
Total Ticket Income: $967,562
Other Income: $145,134
Total Income: $1,112,696

Capitals

5 vs 5 Forward 
   Center                   Left Wing                Right Wing               Time % Phy DF OF 
 1 Joe Thornton             Scott Hartnell           Blake Wheeler            40     1   2  2  
 2 Ryan Getzlaf             Mike Cammalleri          Wayne Simmonds           30     1   2  2  
 3 Mikko Koivu              Jamie Benn               T.J. Oshie               20     1   2  2  
 4 David Krejci             Joe Thornton             Eric Fehr                10     1   2  2  

5 vs 5 Defense 
   Defense                  Defense                                           Time % Phy DF OF 
 1 Brent Burns              Erik Karlsson                                     40     1   2  2  
 2 Christian Ehrhoff        Matt Carle                                        30     1   2  2  
 3 Dan Girardi              Shayne Gostisbehere                               20     1   2  2  
 4 Brent Burns              Erik Karlsson                                     10     1   2  2  

PowerPlay Forward 
   Center                   Left Wing                Right Wing               Time % Phy DF OF 
 1 Joe Thornton             Scott Hartnell           Blake Wheeler            60     1   2  2  
 2 Ryan Getzlaf             Mike Cammalleri          Wayne Simmonds           40     1   2  2  

PowerPlay Defense
   Defense                  Defense                                           Time % Phy DF OF 
 1 Brent Burns              Erik Karlsson                                     60     1   2  2  
 2 Christian Ehrhoff        Matt Carle                                        40     1   2  2  

Penalty Kill 4 Players Forward 
   Center                   Wing                     Time % Phy DF OF 
 1 Joe Thornton             Scott Hartnell           60     1   2  2  
 2 Blake Wheeler            Mike Cammalleri          40     1   2  2  

Penalty Kill 4 Players Defense
   Defense                  Defense                  Time % Phy DF OF 
 1 Brent Burns              Erik Karlsson            60     1   2  2  
 2 Christian Ehrhoff        Matt Carle               40     1   2  2  

Penalty Kill - 3 Players Forward 
   Forward                                           Time % Phy DF OF 
 1 Joe Thornton                                      60     1   2  2  
 2 Scott Hartnell                                    40     1   2  2  

Penalty Kill - 3 Players Defense
   Defense                  Defense                  Time % Phy DF OF 
 1 Brent Burns              Erik Karlsson            60     1   2  2  
 2 Christian Ehrhoff        Matt Carle               40     1   2  2  

4 vs 4 Forward 
   Center                   Wing                     Time % Phy DF OF 
 1 Joe Thornton             Scott Hartnell           60     1   2  2  
 2 Blake Wheeler            Mike Cammalleri          40     1   2  2  

4 vs 4 Defense
   Defense                  Defense                  Time % Phy DF OF 
 1 Brent Burns              Erik Karlsson            60     1   2  2  
 2 Christian Ehrhoff        Matt Carle               40     1   2  2  

Last Minutes Offensive
   Center                   Left Wing                Right Wing               Defense                  Defense                  
   Joe Thornton             Scott Hartnell           Blake Wheeler            Brent Burns              Erik Karlsson            

Last Minutes Defensive
   Center                   Left Wing                Right Wing               Defense                  Defense                  
   Joe Thornton             Scott Hartnell           Blake Wheeler            Brent Burns              Erik Karlsson            

Goaltenders
Starting : Tuukka Rask              
Backup : Ilya Bryzgalov           

Extra Forwards
Normal : Mark Stone, Mikko Koivu, Jamie Benn - PP : Mark Stone, Mikko Koivu - PK : Jamie Benn
Extra Defensemen
Normal : Dan Girardi, Shayne Gostisbehere, Christian Ehrhoff - PP : Dan Girardi - PK : Shayne Gostisbehere, Christian Ehrhoff
Penalty Shots
Joe Thornton, Scott Hartnell, Blake Wheeler, Mike Cammalleri, Ryan Getzlaf

Scratches
Patrick Marleau (Sprained Left Knee Injury), Sergei Bobrovsky (Healthy)

Bruins

5 vs 5 Forward 
   Center                   Left Wing                Right Wing               Time % Phy DF OF 
 1 Henrik Sedin             Wojtek Wolski            Nathan Horton            40     1   2  2  
 2 Tim Connolly             Matt Cooke               Victor Oreskovich        30     1   2  2  
 3 Dave Bolland             Viktor Stalberg          Rene Bourque             20     1   2  2  
 4 Casey Cizikas            Kris Chucko              Nikolai Zherdev          10     1   2  2  

5 vs 5 Defense 
   Defense                  Defense                                           Time % Phy DF OF 
 1 Jason Demers             Shane O'Brien                                     40     1   2  2  
 2 Andrew Alberts           Cam Fowler                                        30     1   2  2  
 3 Kevin Bieksa             Justin Faulk                                      20     1   2  2  
 4 Jason Demers             Shane O'Brien                                     10     1   2  2  

PowerPlay Forward 
   Center                   Left Wing                Right Wing               Time % Phy DF OF 
 1 Henrik Sedin             Wojtek Wolski            Nathan Horton            60     1   2  2  
 2 Tim Connolly             Matt Cooke               Victor Oreskovich        40     1   2  2  

PowerPlay Defense
   Defense                  Defense                                           Time % Phy DF OF 
 1 Jason Demers             Shane O'Brien                                     60     1   2  2  
 2 Andrew Alberts           Cam Fowler                                        40     1   2  2  

Penalty Kill 4 Players Forward 
   Center                   Wing                     Time % Phy DF OF 
 1 Wojtek Wolski            Henrik Sedin             60     1   2  2  
 2 Tim Connolly             Nathan Horton            40     1   2  2  

Penalty Kill 4 Players Defense
   Defense                  Defense                  Time % Phy DF OF 
 1 Jason Demers             Shane O'Brien            60     1   2  2  
 2 Andrew Alberts           Cam Fowler               40     1   2  2  

Penalty Kill - 3 Players Forward 
   Forward                                           Time % Phy DF OF 
 1 Wojtek Wolski                                     60     1   2  2  
 2 Henrik Sedin                                      40     1   2  2  

Penalty Kill - 3 Players Defense
   Defense                  Defense                  Time % Phy DF OF 
 1 Jason Demers             Shane O'Brien            60     1   2  2  
 2 Andrew Alberts           Cam Fowler               40     1   2  2  

4 vs 4 Forward 
   Center                   Wing                     Time % Phy DF OF 
 1 Wojtek Wolski            Henrik Sedin             60     1   2  2  
 2 Tim Connolly             Nathan Horton            40     1   2  2  

4 vs 4 Defense
   Defense                  Defense                  Time % Phy DF OF 
 1 Jason Demers             Shane O'Brien            60     1   2  2  
 2 Andrew Alberts           Cam Fowler               40     1   2  2  

Last Minutes Offensive
   Center                   Left Wing                Right Wing               Defense                  Defense                  
   Henrik Sedin             Wojtek Wolski            Nathan Horton            Jason Demers             Shane O'Brien            

Last Minutes Defensive
   Center                   Left Wing                Right Wing               Defense                  Defense                  
   Henrik Sedin             Wojtek Wolski            Nathan Horton            Jason Demers             Shane O'Brien            

Goaltenders
Starting : Kevin Poulin             
Backup : Craig Anderson           

Extra Forwards
Normal : Dave Bolland, Viktor Stalberg, Rene Bourque - PP : Dave Bolland, Viktor Stalberg - PK : Rene Bourque
Extra Defensemen
Normal : Kevin Bieksa, Justin Faulk, Andrew Alberts - PP : Kevin Bieksa - PK : Justin Faulk, Andrew Alberts
Penalty Shots
Wojtek Wolski, Henrik Sedin, Tim Connolly, Nathan Horton, Victor Oreskovich

Scratches
None


% Time on Ice - Capitals

Lines # - Real PCT - Wanted PCT - Time Play
Normal Forward
1 - 31% - 40% - 13:33
2 - 28% - 30% - 12:29
3 - 28% - 20% - 12:26
4 - 13% - 10% - 5:43
Normal Defense
1 - 39% - 40% - 17:21
2 - 30% - 30% - 13:22
3 - 27% - 20% - 11:59
4 - 3% - 10% - 1:29
PP Forward
1 - 55% - 60% - 3:51
2 - 45% - 40% - 3:09
PP Defense
1 - 59% - 60% - 4:07
2 - 41% - 40% - 2:53
PK Forward
1 - 81% - 60% - 6:02
2 - 19% - 40% - 1:23
PK Defense
1 - 63% - 60% - 4:41
2 - 37% - 40% - 2:44
PK3 Forward
1 - 90% - 60% - 1:39
2 - 10% - 40% - 0:11
PK3 Defense
1 - 61% - 60% - 1:07
2 - 39% - 40% - 0:43
44 Forward
1 - 74% - 60% - 2:38
2 - 26% - 40% - 0:55
44 Defense
1 - 44% - 60% - 1:33
2 - 56% - 40% - 2:00
Last Minute Offensive  - 0:00
Last Minute Defensive  - 0:28
Total
Forward - 64:27
Defense - 64:27

% Time on Ice - Bruins

Lines # - Real PCT - Wanted PCT - Time Play
Normal Forward
1 - 33% - 40% - 14:33
2 - 27% - 30% - 12:08
3 - 23% - 20% - 10:06
4 - 17% - 10% - 7:21
Normal Defense
1 - 39% - 40% - 17:17
2 - 30% - 30% - 13:26
3 - 27% - 20% - 11:44
4 - 4% - 10% - 1:41
PP Forward
1 - 60% - 60% - 4:27
2 - 40% - 40% - 2:58
PP Defense
1 - 67% - 60% - 5:00
2 - 33% - 40% - 2:25
PK Forward
1 - 73% - 60% - 5:05
2 - 27% - 40% - 1:55
PK Defense
1 - 61% - 60% - 4:18
2 - 39% - 40% - 2:42
PK3 Forward
1 - 0% - 60%
2 - 0% - 40%
PK3 Defense
1 - 0% - 60%
2 - 0% - 40%
44 Forward
1 - 72% - 60% - 3:52
2 - 28% - 40% - 1:31
44 Defense
1 - 50% - 60% - 2:40
2 - 50% - 40% - 2:43
Last Minute Offensive  - 0:31
Last Minute Defensive  - 0:00
Total
Forward - 64:27
Defense - 64:27

Play by Play

1st period


0:01 of 1st period - Henrik Sedin wins face-off versus Joe Thornton in neutral zone.
0:57 of 1st period - Icing by Andrew Alberts.
0:58 of 1st period - Viktor Stalberg wins face-off versus David Krejci in Bruins zone.
1:22 of 1st period - Matt Carle is hit by Viktor Stalberg and loses puck.
1:33 of 1st period - Andrew Alberts is hit by Mikko Koivu and loses puck.
1:54 of 1st period - Wrist shot by Rene Bourque.
1:54 of 1st period - Stopped by Tuukka Rask without a rebound.
1:55 of 1st period - Henrik Sedin wins face-off versus Joe Thornton in Capitals zone.
2:10 of 1st period - Snap shot by Henrik Sedin.
2:10 of 1st period - Stopped by Tuukka Rask without a rebound.
2:11 of 1st period - Ryan Getzlaf wins face-off versus Tim Connolly in Capitals zone.
2:26 of 1st period - Wrist shot by Mike Cammalleri.
2:26 of 1st period - Shot Blocked by Jason Demers.
3:17 of 1st period - Kevin Bieksa is hit by Jamie Benn and loses puck.
3:36 of 1st period - Wrist shot by Mikko Koivu.
3:36 of 1st period - Stopped by Kevin Poulin with a rebound.
3:38 of 1st period - Slapshot by Shayne Gostisbehere.
3:38 of 1st period - Shot Blocked by Justin Faulk.
4:11 of 1st period - Wrist shot by Nikolai Zherdev.
4:11 of 1st period - Stopped by Tuukka Rask with a rebound.
4:21 of 1st period - Nikolai Zherdev is hit by Jamie Benn and loses puck.
4:35 of 1st period - Minor Penalty to Kevin Bieksa for High sticking.
4:36 of 1st period - Joe Thornton wins face-off versus Wojtek Wolski in Bruins zone.
4:36 of 1st period - Slapshot by Erik Karlsson.
4:36 of 1st period - Deflect By Scott Hartnell.
4:36 of 1st period - Shot Blocked by Jason Demers.
4:36 of 1st period - Puck is out of play.
4:37 of 1st period - Joe Thornton wins face-off versus Wojtek Wolski in Bruins zone.
4:42 of 1st period - Snap shot by Joe Thornton.
4:42 of 1st period - Stopped by Kevin Poulin with a rebound.
4:44 of 1st period - Wrist shot by Scott Hartnell.
4:44 of 1st period - Stopped by Kevin Poulin with a rebound.
4:46 of 1st period - Slapshot by Brent Burns.
4:46 of 1st period - Shot Blocked by Jason Demers.
4:48 of 1st period - Wrist shot by Scott Hartnell.
4:48 of 1st period - Stopped by Kevin Poulin with a rebound.
4:52 of 1st period - Wrist shot by Joe Thornton.
4:52 of 1st period - Stopped by Kevin Poulin without a rebound.
4:53 of 1st period - Joe Thornton wins face-off versus Wojtek Wolski in Bruins zone.
6:05 of 1st period - Wayne Simmonds is hit by Nathan Horton.
6:35 of 1st period - Penalty to Kevin Bieksa is over, Kevin Bieksa is back on ice.
7:30 of 1st period - Wrist shot by Kris Chucko.
7:30 of 1st period - Stopped by Tuukka Rask with a rebound.
8:14 of 1st period - Henrik Sedin is hit by Ryan Getzlaf and loses puck.
8:27 of 1st period - Joe Thornton is hit by Andrew Alberts and loses puck.
8:46 of 1st period - Andrew Alberts is hit by Jamie Benn and loses puck.
9:01 of 1st period - Wayne Simmonds is hit by Rene Bourque and loses puck.
9:53 of 1st period - Jason Demers is hit by Mikko Koivu and loses puck.
10:04 of 1st period - Shane O'Brien is hit by Eric Fehr and loses puck.
10:19 of 1st period - Jason Demers is hit by Christian Ehrhoff and loses puck.
10:44 of 1st period - Joe Thornton is hit by Casey Cizikas and loses puck.
11:01 of 1st period - Wrist shot by Rene Bourque.
11:01 of 1st period - Shot Blocked by Scott Hartnell.
11:03 of 1st period - Wrist shot by Jason Demers.
11:03 of 1st period - Shot Misses the Net.
11:05 of 1st period - Slapshot by Kevin Bieksa.
11:05 of 1st period - Stopped by Tuukka Rask without a rebound.
11:06 of 1st period - Ryan Getzlaf wins face-off versus Henrik Sedin in Capitals zone.
11:06 of 1st period - Ryan Getzlaf is hit by Shane O'Brien.
11:22 of 1st period - Slapshot by Wayne Simmonds.
11:22 of 1st period - Shot Blocked by Jason Demers.
13:00 of 1st period - Snap shot by Tim Connolly.
13:00 of 1st period - Stopped by Tuukka Rask without a rebound.
13:01 of 1st period - Ryan Getzlaf wins face-off versus Henrik Sedin in Capitals zone.
13:14 of 1st period - Wrist shot by Ryan Getzlaf.
13:14 of 1st period - Shot Misses the Net.
14:15 of 1st period - Matt Carle is hit by Henrik Sedin and loses puck.
14:54 of 1st period - Wrist shot by Casey Cizikas.
14:54 of 1st period - Stopped by Tuukka Rask with a rebound.
14:56 of 1st period - Snap shot by Cam Fowler.
14:56 of 1st period - Deflect By Casey Cizikas.
14:56 of 1st period - Stopped by Tuukka Rask without a rebound.
14:57 of 1st period - Henrik Sedin wins face-off versus Ryan Getzlaf in Capitals zone.
15:00 of 1st period - Snap shot by Wojtek Wolski.
15:00 of 1st period - Stopped by Tuukka Rask with a rebound.
15:48 of 1st period - Slapshot by Mikko Koivu.
15:48 of 1st period - Stopped by Kevin Poulin without a rebound.
15:49 of 1st period - Henrik Sedin wins face-off versus Mikko Koivu in Bruins zone.
16:13 of 1st period - Wojtek Wolski is hit by Erik Karlsson and loses puck.
16:26 of 1st period - Slapshot by Shane O'Brien.
16:26 of 1st period - Deflect By Henrik Sedin.
16:26 of 1st period - Stopped by Tuukka Rask without a rebound.
16:27 of 1st period - Joe Thornton wins face-off versus Tim Connolly in Capitals zone.
16:38 of 1st period - Wrist shot by Tim Connolly.
16:38 of 1st period - Shot Blocked by Scott Hartnell.
17:11 of 1st period - Slapshot by Cam Fowler.
17:11 of 1st period - Shot Blocked by David Krejci.
18:15 of 1st period - Slapshot by Jason Demers.
18:15 of 1st period - Deflect By Viktor Stalberg.
18:15 of 1st period - Shot Misses the Net.
18:15 of 1st period - Puck is out of play.
18:16 of 1st period - Joe Thornton wins face-off versus Henrik Sedin in Capitals zone.
18:27 of 1st period - Snap shot by Joe Thornton.
18:27 of 1st period - Shot Misses the Net.
18:29 of 1st period - Slapshot by Dan Girardi.
18:29 of 1st period - Deflect By Joe Thornton.
18:29 of 1st period - Goal by Joe Thornton - Capitals : 1 - Bruins : 0.
18:30 of 1st period - Joe Thornton wins face-off versus Henrik Sedin in neutral zone.
18:41 of 1st period - Slapshot by Shane O'Brien.
18:41 of 1st period - Stopped by Tuukka Rask without a rebound.
18:42 of 1st period - Joe Thornton wins face-off versus Henrik Sedin in Capitals zone.
19:07 of 1st period - Tim Connolly is hit by Mike Cammalleri and loses puck.
19:23 of 1st period - Icing by Ryan Getzlaf.
19:24 of 1st period - Ryan Getzlaf wins face-off versus Dave Bolland in Capitals zone.
19:35 of 1st period - Wrist shot by Blake Wheeler.
19:35 of 1st period - Stopped by Kevin Poulin without a rebound.
19:36 of 1st period - Henrik Sedin wins face-off versus Joe Thornton in Bruins zone.
19:52 of 1st period - Snap shot by Henrik Sedin.
19:52 of 1st period - Shot Blocked by Scott Hartnell.
Goals for this period are 1 for Capitals vs 0 for Bruins.
Shots for this period are 8 for Capitals vs 11 for Bruins.

2nd period


0:01 of 2nd period - Henrik Sedin wins face-off versus Joe Thornton in neutral zone.
0:06 of 2nd period - Wrist shot by Nathan Horton.
0:06 of 2nd period - Stopped by Tuukka Rask without a rebound.
0:07 of 2nd period - Henrik Sedin wins face-off versus Joe Thornton in Capitals zone.
0:10 of 2nd period - Wrist shot by Wojtek Wolski.
0:10 of 2nd period - Stopped by Tuukka Rask with a rebound.
0:12 of 2nd period - Wrist shot by Henrik Sedin.
0:12 of 2nd period - Shot Misses the Net.
0:18 of 2nd period - Wrist shot by Wojtek Wolski.
0:18 of 2nd period - Stopped by Tuukka Rask without a rebound.
0:19 of 2nd period - Henrik Sedin wins face-off versus Joe Thornton in Capitals zone.
0:30 of 2nd period - Snap shot by Henrik Sedin.
0:30 of 2nd period - Stopped by Tuukka Rask without a rebound.
0:31 of 2nd period - Henrik Sedin wins face-off versus Joe Thornton in Capitals zone.
1:36 of 2nd period - Snap shot by Joe Thornton.
1:36 of 2nd period - Shot Blocked by Kevin Bieksa.
1:42 of 2nd period - Matt Carle is hit by Henrik Sedin and loses puck.
2:41 of 2nd period - Rene Bourque is hit by Blake Wheeler and loses puck.
3:07 of 2nd period - Slapshot by Andrew Alberts.
3:07 of 2nd period - Shot Blocked by Matt Carle.
3:21 of 2nd period - Slapshot by Victor Oreskovich.
3:21 of 2nd period - Goal by Victor Oreskovich - Capitals : 1 - Bruins : 1.
3:22 of 2nd period - Henrik Sedin wins face-off versus Joe Thornton in neutral zone.
3:47 of 2nd period - Shane O'Brien is hit by Jamie Benn and loses puck.
3:56 of 2nd period - Snap shot by T.J. Oshie.
3:56 of 2nd period - Shot Blocked by Wojtek Wolski.
3:58 of 2nd period - Snap shot by T.J. Oshie.
3:58 of 2nd period - Goal by T.J. Oshie - Capitals : 2 - Bruins : 1.
3:59 of 2nd period - Joe Thornton wins face-off versus Tim Connolly in neutral zone.
4:04 of 2nd period - Snap shot by Scott Hartnell.
4:04 of 2nd period - Shot Hit the Post.
4:06 of 2nd period - Snap shot by Blake Wheeler.
4:06 of 2nd period - Stopped by Kevin Poulin with a rebound.
4:10 of 2nd period - Snap shot by Joe Thornton.
4:10 of 2nd period - Shot Hit the Post.
4:12 of 2nd period - Slapshot by Brent Burns.
4:12 of 2nd period - Shot Misses the Net.
4:14 of 2nd period - Snap shot by Scott Hartnell.
4:14 of 2nd period - Shot Blocked by Jason Demers.
4:24 of 2nd period - Mike Cammalleri is hit by Henrik Sedin and loses puck.
4:33 of 2nd period - Snap shot by Wojtek Wolski.
4:33 of 2nd period - Stopped by Tuukka Rask without a rebound.
4:34 of 2nd period - Tim Connolly wins face-off versus Joe Thornton in Capitals zone.
4:38 of 2nd period - Minor Penalty to Matt Carle for Cross-checking.
4:39 of 2nd period - Joe Thornton wins face-off versus Henrik Sedin in Capitals zone.
4:39 of 2nd period - Joe Thornton is hit by Shane O'Brien.
5:10 of 2nd period - Wrist shot by Tim Connolly.
5:10 of 2nd period - Stopped by Tuukka Rask without a rebound.
5:11 of 2nd period - Henrik Sedin wins face-off versus Joe Thornton in Capitals zone.
5:26 of 2nd period - Snap shot by Henrik Sedin.
5:26 of 2nd period - Shot Blocked by Scott Hartnell.
5:36 of 2nd period - Tim Connolly is hit by Shayne Gostisbehere and loses puck.
5:45 of 2nd period - Slapshot by Jason Demers.
5:45 of 2nd period - Shot Blocked by Christian Ehrhoff.
6:38 of 2nd period - Penalty to Matt Carle is over, Matt Carle is back on ice.
6:53 of 2nd period - Minor Penalty to Viktor Stalberg for Hooking.
6:54 of 2nd period - Joe Thornton wins face-off versus Wojtek Wolski in Bruins zone.
8:12 of 2nd period - Rene Bourque is hit by Ryan Getzlaf and loses puck.
8:53 of 2nd period - Penalty to Viktor Stalberg is over, Viktor Stalberg is back on ice.
9:05 of 2nd period - Snap shot by Victor Oreskovich.
9:05 of 2nd period - Shot Blocked by T.J. Oshie.
9:19 of 2nd period - Justin Faulk is hit by Eric Fehr and loses puck.
9:42 of 2nd period - Off-side.
9:43 of 2nd period - Ryan Getzlaf wins face-off versus Tim Connolly in neutral zone.
9:50 of 2nd period - Victor Oreskovich is hit by Mike Cammalleri and loses puck.
10:09 of 2nd period - Cam Fowler is hit by Christian Ehrhoff.
10:17 of 2nd period - Wojtek Wolski is hit by Scott Hartnell and loses puck.
10:34 of 2nd period - Rene Bourque is hit by Jamie Benn and loses puck.
10:47 of 2nd period - Kevin Bieksa is hit by Jamie Benn and loses puck.
10:58 of 2nd period - Wrist shot by Rene Bourque.
10:58 of 2nd period - Shot Blocked by Dan Girardi.
11:10 of 2nd period - Snap shot by Rene Bourque.
11:10 of 2nd period - Stopped by Tuukka Rask without a rebound.
11:11 of 2nd period - Wojtek Wolski wins face-off versus Joe Thornton in Capitals zone.
11:32 of 2nd period - Minor Penalty to Blake Wheeler for Elbowing.
11:33 of 2nd period - Joe Thornton wins face-off versus Henrik Sedin in Capitals zone.
11:46 of 2nd period - Snap shot by Shane O'Brien.
11:46 of 2nd period - Deflect By Brent Burns.
11:46 of 2nd period - Stopped by Tuukka Rask with a rebound.
12:09 of 2nd period - Icing by Matt Cooke.
12:10 of 2nd period - Jamie Benn wins face-off versus Tim Connolly in Bruins zone.
13:32 of 2nd period - Penalty to Blake Wheeler is over, Blake Wheeler is back on ice.
14:05 of 2nd period - Slapshot by T.J. Oshie.
14:05 of 2nd period - Stopped by Kevin Poulin with a rebound.
15:36 of 2nd period - Icing by T.J. Oshie.
15:37 of 2nd period - Dave Bolland wins face-off versus Mikko Koivu in Capitals zone.
15:48 of 2nd period - Snap shot by Victor Oreskovich.
15:48 of 2nd period - Stopped by Tuukka Rask without a rebound.
15:49 of 2nd period - Henrik Sedin wins face-off versus Joe Thornton in Capitals zone.
16:15 of 2nd period - Tim Connolly is hit by Wayne Simmonds and loses puck.
17:15 of 2nd period - Snap shot by Nikolai Zherdev.
17:15 of 2nd period - Stopped by Tuukka Rask with a rebound.
17:42 of 2nd period - Minor Penalty to Joe Thornton for Holding.
17:43 of 2nd period - Henrik Sedin wins face-off versus Jamie Benn in Capitals zone.
18:09 of 2nd period - Erik Karlsson is hit by Victor Oreskovich and loses puck.
19:42 of 2nd period - Penalty to Joe Thornton is over, Joe Thornton is back on ice.
19:49 of 2nd period - Kevin Bieksa is hit by Erik Karlsson and loses puck.
Goals for this period are 1 for Capitals vs 1 for Bruins.
Shots for this period are 3 for Capitals vs 11 for Bruins.

3rd period


0:01 of 3rd period - Henrik Sedin wins face-off versus Joe Thornton in neutral zone.
0:12 of 3rd period - Wrist shot by Nathan Horton.
0:12 of 3rd period - Deflect By Wojtek Wolski.
0:12 of 3rd period - Stopped by Tuukka Rask with a rebound.
0:28 of 3rd period - Snap shot by Mike Cammalleri.
0:28 of 3rd period - Shot Hit the Post.
0:30 of 3rd period - Snap shot by Ryan Getzlaf.
0:30 of 3rd period - Shot Misses the Net.
0:32 of 3rd period - Wrist shot by Mike Cammalleri.
0:32 of 3rd period - Stopped by Kevin Poulin with a rebound.
0:57 of 3rd period - Backhand shot by Dave Bolland.
0:57 of 3rd period - Shot Misses the Net.
1:09 of 3rd period - Wrist shot by David Krejci.
1:09 of 3rd period - Stopped by Kevin Poulin with a rebound.
1:28 of 3rd period - Off-side.
1:29 of 3rd period - Scott Hartnell wins face-off versus Casey Cizikas in neutral zone.
1:42 of 3rd period - Wrist shot by Casey Cizikas.
1:42 of 3rd period - Stopped by Tuukka Rask without a rebound.
1:43 of 3rd period - Henrik Sedin wins face-off versus Ryan Getzlaf in Capitals zone.
1:56 of 3rd period - Wrist shot by Wojtek Wolski.
1:56 of 3rd period - Stopped by Tuukka Rask without a rebound.
1:57 of 3rd period - Henrik Sedin wins face-off versus Joe Thornton in Capitals zone.
1:58 of 3rd period - Snap shot by Wojtek Wolski.
1:58 of 3rd period - Shot Misses the Net.
2:51 of 3rd period - Slapshot by Viktor Stalberg.
2:51 of 3rd period - Deflect By Dave Bolland.
2:51 of 3rd period - Shot Misses the Net.
2:51 of 3rd period - Puck is out of play.
2:52 of 3rd period - Mikko Koivu wins face-off versus Henrik Sedin in Capitals zone.
3:19 of 3rd period - Jason Demers is hit by Joe Thornton and loses puck.
3:50 of 3rd period - Wrist shot by Dave Bolland.
3:50 of 3rd period - Stopped by Tuukka Rask without a rebound.
3:51 of 3rd period - Henrik Sedin wins face-off versus Joe Thornton in Capitals zone.
4:02 of 3rd period - Slapshot by Brent Burns.
4:02 of 3rd period - Stopped by Kevin Poulin without a rebound.
4:03 of 3rd period - Joe Thornton wins face-off versus Henrik Sedin in Bruins zone.
4:06 of 3rd period - Snap shot by Blake Wheeler.
4:06 of 3rd period - Shot Blocked by Jason Demers.
4:08 of 3rd period - Wrist shot by Scott Hartnell.
4:08 of 3rd period - Deflect By Blake Wheeler.
4:08 of 3rd period - Shot Misses the Net.
4:08 of 3rd period - Puck is out of play.
4:09 of 3rd period - Henrik Sedin wins face-off versus Joe Thornton in Bruins zone.
4:43 of 3rd period - Backhand shot by Ryan Getzlaf.
4:43 of 3rd period - Shot Misses the Net.
4:45 of 3rd period - Backhand shot by Mike Cammalleri.
4:45 of 3rd period - Deflect By Ryan Getzlaf.
4:45 of 3rd period - Shot Misses the Net.
4:45 of 3rd period - Puck is out of play.
4:46 of 3rd period - Henrik Sedin wins face-off versus Joe Thornton in Bruins zone.
4:53 of 3rd period - Slapshot by Andrew Alberts.
4:53 of 3rd period - Shot Misses the Net.
6:55 of 3rd period - Shayne Gostisbehere is hit by Andrew Alberts and loses puck.
7:12 of 3rd period - Snap shot by Kris Chucko.
7:12 of 3rd period - Stopped by Tuukka Rask with a rebound.
7:14 of 3rd period - Wrist shot by Kris Chucko.
7:14 of 3rd period - Shot Misses the Net.
7:34 of 3rd period - Slapshot by Wojtek Wolski.
7:34 of 3rd period - Shot Misses the Net.
7:36 of 3rd period - Wrist shot by Nathan Horton.
7:36 of 3rd period - Stopped by Tuukka Rask without a rebound.
7:37 of 3rd period - Henrik Sedin wins face-off versus Scott Hartnell in Capitals zone.
8:10 of 3rd period - Wrist shot by Victor Oreskovich.
8:10 of 3rd period - Stopped by Tuukka Rask without a rebound.
8:11 of 3rd period - Tim Connolly wins face-off versus Ryan Getzlaf in Capitals zone.
8:18 of 3rd period - Wrist shot by Ryan Getzlaf.
8:18 of 3rd period - Shot Misses the Net.
8:20 of 3rd period - Snap shot by Ryan Getzlaf.
8:20 of 3rd period - Stopped by Kevin Poulin without a rebound.
8:21 of 3rd period - Ryan Getzlaf wins face-off versus Tim Connolly in Bruins zone.
8:28 of 3rd period - Tim Connolly is hit by Matt Carle and loses puck.
8:59 of 3rd period - Wrist shot by Mike Cammalleri.
8:59 of 3rd period - Deflect By Ryan Getzlaf.
8:59 of 3rd period - Shot Blocked by Jason Demers.
8:59 of 3rd period - Puck is out of play.
9:00 of 3rd period - Henrik Sedin wins face-off versus Joe Thornton in Bruins zone.
9:15 of 3rd period - Snap shot by Joe Thornton.
9:15 of 3rd period - Deflect By Scott Hartnell.
9:15 of 3rd period - Shot Misses the Net.
9:15 of 3rd period - Puck is out of play.
9:16 of 3rd period - Joe Thornton wins face-off versus Dave Bolland in Bruins zone.
9:19 of 3rd period - Snap shot by Scott Hartnell.
9:19 of 3rd period - Shot Misses the Net.
9:28 of 3rd period - Minor Penalty to Shane O'Brien for Hooking.
9:29 of 3rd period - Wojtek Wolski wins face-off versus Joe Thornton in Bruins zone.
9:44 of 3rd period - Wrist shot by Joe Thornton.
9:44 of 3rd period - Shot Misses the Net.
10:50 of 3rd period - Rene Bourque is hit by Scott Hartnell and loses puck.
11:28 of 3rd period - Penalty to Shane O'Brien is over, Shane O'Brien is back on ice.
11:42 of 3rd period - Shane O'Brien is hit by Jamie Benn and loses puck.
11:59 of 3rd period - Wrist shot by Dave Bolland.
11:59 of 3rd period - Shot Misses the Net.
12:01 of 3rd period - Slapshot by Andrew Alberts.
12:01 of 3rd period - Deflect By Shayne Gostisbehere.
12:01 of 3rd period - Stopped by Tuukka Rask with a rebound.
12:32 of 3rd period - Casey Cizikas is hit by Matt Carle and loses puck.
14:07 of 3rd period - Snap shot by Kris Chucko.
14:07 of 3rd period - Shot Misses the Net.
14:34 of 3rd period - Minor Penalty to Scott Hartnell for Hooking.
14:35 of 3rd period - Joe Thornton wins face-off versus Henrik Sedin in Capitals zone.
14:50 of 3rd period - Wrist shot by Nathan Horton.
14:50 of 3rd period - Goal by Nathan Horton - Capitals : 2 - Bruins : 2.
14:51 of 3rd period - Joe Thornton wins face-off versus Henrik Sedin in neutral zone.
15:00 of 3rd period - Wrist shot by Joe Thornton.
15:00 of 3rd period - Stopped by Kevin Poulin with a rebound.
15:04 of 3rd period - Snap shot by Blake Wheeler.
15:04 of 3rd period - Goal by Blake Wheeler - Capitals : 3 - Bruins : 2.
15:05 of 3rd period - Henrik Sedin wins face-off versus Joe Thornton in neutral zone.
15:07 of 3rd period - Minor Penalty to Shane O'Brien for Kneeing.
15:08 of 3rd period - Wojtek Wolski wins face-off versus Blake Wheeler in Bruins zone.
15:16 of 3rd period - Jason Demers is hit by Blake Wheeler and loses puck.
15:21 of 3rd period - Wrist shot by Joe Thornton.
15:21 of 3rd period - Shot Misses the Net.
15:23 of 3rd period - Slapshot by Erik Karlsson.
15:23 of 3rd period - Stopped by Kevin Poulin with a rebound.
15:55 of 3rd period - Scott Hartnell is hit by Wojtek Wolski and loses puck.
16:10 of 3rd period - Minor Penalty to Ryan Getzlaf for Holding.
16:11 of 3rd period - Joe Thornton wins face-off versus Wojtek Wolski in Capitals zone.
16:18 of 3rd period - Wojtek Wolski is hit by Erik Karlsson and loses puck.
17:07 of 3rd period - Penalty to Shane O'Brien is over, Shane O'Brien is back on ice.
17:25 of 3rd period - Snap shot by Dave Bolland.
17:25 of 3rd period - Shot Blocked by Blake Wheeler.
17:27 of 3rd period - Slapshot by Jason Demers.
17:27 of 3rd period - Stopped by Tuukka Rask with a rebound.
17:29 of 3rd period - Wrist shot by Viktor Stalberg.
17:29 of 3rd period - Stopped by Tuukka Rask with a rebound.
17:55 of 3rd period - Snap shot by Viktor Stalberg.
17:55 of 3rd period - Stopped by Tuukka Rask without a rebound.
17:56 of 3rd period - Henrik Sedin wins face-off versus Joe Thornton in Capitals zone.
18:10 of 3rd period - Penalty to Ryan Getzlaf is over, Ryan Getzlaf is back on ice.
18:19 of 3rd period - Snap shot by Joe Thornton.
18:19 of 3rd period - Deflect By Mikko Koivu.
18:19 of 3rd period - Shot Misses the Net.
18:19 of 3rd period - Puck is out of play.
18:20 of 3rd period - Tim Connolly wins face-off versus Mikko Koivu in Bruins zone.
18:33 of 3rd period - Wrist shot by Victor Oreskovich.
18:33 of 3rd period - Stopped by Tuukka Rask with a rebound.
18:35 of 3rd period - Snap shot by Matt Cooke.
18:35 of 3rd period - Shot Misses the Net.
18:54 of 3rd period - Snap shot by Ryan Getzlaf.
18:54 of 3rd period - Shot Misses the Net.
19:08 of 3rd period - Bruins, Kevin Poulin is pulled from the net.
19:16 of 3rd period - Snap shot by Henrik Sedin.
19:16 of 3rd period - Stopped by Tuukka Rask without a rebound.
19:17 of 3rd period - Doug Gilmour call a timeout for Bruins.
19:17 of 3rd period - Henrik Sedin wins face-off versus Joe Thornton in Capitals zone.
19:24 of 3rd period - Wrist shot by Henrik Sedin.
19:24 of 3rd period - Stopped by Tuukka Rask with a rebound.
19:26 of 3rd period - Backhand shot by Jason Demers.
19:26 of 3rd period - Shot Blocked by Brent Burns.
19:28 of 3rd period - Snap shot by Wojtek Wolski.
19:28 of 3rd period - Shot Misses the Net.
19:30 of 3rd period - Snap shot by Nathan Horton.
19:30 of 3rd period - Goal by Nathan Horton - Capitals : 3 - Bruins : 3.
19:30 of 3rd period - Kevin Poulin from Bruins was sent back in the game.
19:31 of 3rd period - David Krejci wins face-off versus Dave Bolland in neutral zone.
19:38 of 3rd period - Wrist shot by Joe Thornton.
19:38 of 3rd period - Shot Misses the Net.
19:50 of 3rd period - Minor Penalty to David Krejci for Interference.
19:51 of 3rd period - Henrik Sedin wins face-off versus Joe Thornton in Capitals zone.
Goals for this period are 1 for Capitals vs 2 for Bruins.
Shots for this period are 7 for Capitals vs 16 for Bruins.

Overtime #1


0:01 of 1st overtime period - Joe Thornton wins face-off versus Wojtek Wolski in neutral zone.
0:08 of 1st overtime period - Wrist shot by Joe Thornton.
0:08 of 1st overtime period - Shot Misses the Net.
1:21 of 1st overtime period - Icing by Jason Demers.
1:22 of 1st overtime period - Wojtek Wolski wins face-off versus Joe Thornton in Bruins zone.
1:22 of 1st overtime period - Wojtek Wolski is hit by Christian Ehrhoff.
1:50 of 1st overtime period - Penalty to David Krejci is over, David Krejci is back on ice.
1:52 of 1st overtime period - Slapshot by David Krejci.
1:52 of 1st overtime period - Stopped by Kevin Poulin without a rebound.
1:53 of 1st overtime period - Tim Connolly wins face-off versus Joe Thornton in Bruins zone.
2:08 of 1st overtime period - Snap shot by Tim Connolly.
2:08 of 1st overtime period - Shot Misses the Net.
3:41 of 1st overtime period - Matt Carle is hit by Jason Demers and loses puck.
4:27 of 1st overtime period - Wrist shot by Tim Connolly.
4:27 of 1st overtime period - Goal by Tim Connolly - Capitals : 3 - Bruins : 4.
Goals for this period are 0 for Capitals vs 1 for Bruins.
Shots for this period are 1 for Capitals vs 1 for Bruins.